 Dungeon Crawl Stone Soup version 0.29.1 (webtiles) character file.

Game seed: 17774177584715378615

735 ragingrage the Gusty (level 7, -8/36 HPs)
             Began as a Tengu Air Elementalist on Sept 12, 2022.
             Mangled by a mummy (15 damage)
             ... in an ossuary.
             The game lasted 00:08:51 (6687 turns).

ragingrage the Gusty (Tengu Air Elementalist)       Turns: 6687, Time: 00:08:52

Health: -8/36      AC:  2    Str:  8    XL:     7   Next: 74%
Magic:  8/14       EV: 16    Int: 17    God:
Gold:   160        SH:  0    Dex: 15    Spells: 4/14 levels left

rFire   . . .      SeeInvis .   m - +2 dagger (drain)
rCold   . . .      Faith    .   (no shield)
rNeg    . . .      Spirit   .   a - +0 robe
rPois   .          Reflect  .   (helmet restricted)
rElec   .          Harm     .   (no cloak)
rCorr   .          Rampage  .   (no gloves)
Will    .....                   (boots unavailable)
Stlth   ++........              (no amulet)
HPRegen 0.12/turn               (no ring)
MPRegen 0.14/turn               (no ring)

@: flying quickly and evasively, quick
A: beak, talons 3, nimble flight
a: no special abilities


You were in an ossuary.
You visited 1 branch of the dungeon, and saw 5 of its levels.
You also visited: Ossuary.

You collected 215 gold pieces.
You spent 55 gold pieces at shops.

Inventory:

Hand Weapons
 m - a +2 dagger of draining (weapon)
 p - a +2 mace of holy wrath
Armour
 a - a +0 robe (worn)
Wands
 j - a wand of roots (10)
 q - a wand of digging (4)
Scrolls
 c - 2 scrolls of enchant weapon {unknown}
 d - 5 scrolls of identify {unknown}
 g - 2 scrolls of vulnerability {unknown}
 h - a scroll of teleportation {unknown}
 n - a scroll of noise {unknown}
 o - a scroll of brand weapon {unknown}
 r - a scroll of poison {unknown}
Potions
 b - 2 potions of magic
 e - a potion of attraction {unknown}
 f - a potion of ambrosia {unknown}
 i - 2 potions of might {unknown}
 k - a potion of heal wounds
 l - 2 potions of mutation {unknown}
 s - a potion of invisibility {unknown}
 t - a potion of flight {unknown}


   Skills:
 + Level 4.1 Dodging
 - Level 2.0 Stealth
 + Level 4.4 Spellcasting
 + Level 5.8 Conjurations
 + Level 7.0 Air Magic


You had 4 spell levels left.
You knew the following spells:

 Your Spells              Type           Power      Damage    Failure   Level
a - Shock                 Conj/Air       100%       1d9       1%          1
b - Static Discharge      Conj/Air       25%        3-7/arc   1%          2
c - Swiftness             Air            27%        N/A       2%          3
d - Airstrike             Air            13%        2d(2-18)  9%          4

Your spell library contained the following spells:

 Spells                   Type           Power      Damage    Failure   Level
 Ensorcelled Hibernation  Hex/Ice        6%         N/A       22%         2
 Passwall                 Tmut/Erth      2%         N/A       22%         2
 Sublimation of Blood     Necr           3%         N/A       22%         2
 Call Canine Familiar     Summ           3%         N/A       41%         3
 Portal Projectile        Hex/Tloc       6%         N/A       41%         3
 Leda's Liquefaction      Hex/Erth       1%         N/A       83%         4
 Petrify                  Tmut/Erth      3%         N/A       83%         4
 Iskenderun's Battlesphe  Conj           23%        2d8       36%         5
 Irradiate                Conj/Tmut      6%         3d13      77%         5
 Iron Shot                Conj/Erth      6%         9d2       100%        6
 Spellforged Servitor     Conj/Summ      6%         N/A       100%        7


Dungeon Overview and Level Annotations

Branches:
Dungeon (5/15)            Ossuary (1/1)
 Temple: D:4-7

Altars:
Ashenzari

Shops:
D:2 *   D:3 (

Annotations:
D:1 exclusion: downstairs
D:4 Edmund


Innate Abilities, Weirdness & Mutations

You have a beak for a mouth.
You have claws for feet.
Your magical nature lets you fly swiftly and evasively.


Message History

Aim: a kobold zombie (almost destroyed)
The roots erupt in riotous growth!
Roots grab the kobold zombie.
Roots grab the hobgoblin zombie.
Roots grab the mummy. x2
The grasping roots constrict the mummy. x2
The grasping roots constrict the kobold zombie.
You destroy the kobold zombie!
The grasping roots constrict the hobgoblin zombie!
A mummy comes into view.
The hobgoblin zombie closely misses you.
Unknown command.
Unknown command.
You hit the mummy. You claw the mummy, but do no damage.
The mummy is moderately damaged.
The grasping roots constrict the mummy! x2
The grasping roots constrict the hobgoblin zombie!
You destroy the hobgoblin zombie!
The roots release their grip on the mummy.
The mummy hits you!
The mummy struggles to escape constriction.
You hit the mummy. You claw the mummy, but do no damage.
The mummy is severely damaged.
The grasping roots constrict the mummy.
You destroy the mummy!
Your Air Magic skill increases to level 7!
You hit the mummy. Your kick misses the mummy.
The mummy is almost destroyed.
A mummy comes into view.
The mummy hits you!
* * * LOW HITPOINT WARNING * * *
Casting: Static Discharge (safe; 1% risk of failure)
Confirm with . or Enter, or press ? or * to list all spells.
The mummy is struck by an arc of lightning.
You destroy the mummy!
You are struck by an arc of lightning.
* * * LOW HITPOINT WARNING * * *
The lightning grounds out.
Unknown command.
The mummy hits you!
You die...

.... ##..## ...
....##....##....
................
...........M...
.............
#M.......#
#......# #.@.M#
#.M..# #....#
#....# #....#
#....# #....#
#....# #.∩∩.#


You could see 4 mummies.

Vanquished Creatures
  An ice beast (D:4)
  A necrophage (D:5)
  2 hounds
  A jelly (D:5)
  3 orc priests (D:4)
  2 iguanas
  2 orc wizards
  4 mummies (Ossuary)
  Robin (D:2)
  3 gnolls (D:4)
  9 adders
  A worm (D:4)
  3 dart slugs
  4 orcs
  3 bats
  11 endoplasms
  3 giant cockroaches
  2 gnoll zombies (Ossuary)
  19 goblins
  10 hobgoblins
  6 jackals
  5 kobolds
  3 quokkas
  7 ball pythons
  4 frilled lizards
  2 hobgoblin zombies (Ossuary)
  3 kobold zombies (Ossuary)
  An orc zombie (Ossuary)
  7 rats
123 creatures vanquished.

Vanquished Creatures (others)
  11 plants (D:4)
11 creatures vanquished.

Grand Total: 134 creatures vanquished

Notes
Turn   | Place    | Note
-------+----------+-------------------------------------------
     0 | D:1      | ragingrage the Tengu Air Elementalist began the quest for
                  | the Orb.
     0 | D:1      | Reached XP level 1. HP: 10/10 MP: 4/4
   193 | D:1      | Reached XP level 2. HP: 15/15 MP: 3/6
  1047 | D:1      | Found a faded altar of an unknown god.
  1148 | D:1      | Reached XP level 3. HP: 19/19 MP: 5/7
  1728 | D:2      | Noticed Robin
  2230 | D:2      | Reached XP level 4. HP: 7/24 MP: 2/9
  2490 | D:2      | Found Xulol's General Store.
  2507 | D:2      | Reached skill level 5 in Air Magic
  2655 | D:2      | Bought a potion of heal wounds for 55 gold pieces
  2756 | D:2      | Killed Robin
  3270 | D:3      | Learned a level 2 spell: Static Discharge
  3274 | D:3      | Learned a level 3 spell: Swiftness
  3437 | D:3      | Gained mutation: Your magical nature lets you fly swiftly
                  | and evasively. [Tengu growth]
  3437 | D:3      | Reached XP level 5. HP: 28/28 MP: 5/10
  3573 | D:3      | Learned a level 4 spell: Airstrike
  3935 | D:3      | Found Xomeurr's Weapon Emporium.
  4386 | D:4      | Noticed an ice beast
  4661 | D:3      | Reached XP level 6. HP: 31/32 MP: 5/12
  4881 | D:4      | Reached skill level 6 in Air Magic
  5165 | D:4      | Killed an ice beast
  5166 | D:4      | Reached skill level 5 in Conjurations
  5166 | D:4      | Reached XP level 7. HP: 30/36 MP: 5/14
  5425 | D:4      | Noticed Edmund
  6025 | D:4      | Found a broken altar of Ashenzari.
  6384 | D:5      | Entered Level 5 of the Dungeon
  6542 | D:5      | Found a sand-covered staircase.
  6661 | Ossuary  | Entered an ossuary
  6684 | Ossuary  | Reached skill level 7 in Air Magic
  6687 | Ossuary  | Mangled by a mummy

Illustrated notes

Levels and vault maps discovered:
D:1:      roderic_octagonal_star, layout_loops_corners,
          hellmonk_ecumenical_altar_crossroads
D:2:      layout_rooms, serial_shops, nicolae_square_shop, uniq_robin
D:3:      layout_loops_ring, serial_shops, shop, kennysheep_generic_room_4
D:4:      layout_rooms, evilmike_ruin_ashenzari, abandoned_shop, hex_tiny,
          kennysheep_crisscross, hangedman_decor_clover_reticule,
          serial_bayou_lagoon_b, uniq_edmund
D:5:      layout_loops_ring, minmay_temple_entry_glass, enter_ossuary_4,
          uniq_crazy_yiuf_cottage
Ossuary:  ossuary_tomb_3

Skill      XL: |  1  2  3  4  5  6  7 |
---------------+----------------------+-----
Conjurations   | 2 3 4 5 |  5.8
Air Magic      | 5 6 7 |  7.0
Spellcasting   | 3 4 |  4.4
Dodging        | 3 4 |  4.1
Stealth        | |  2.0

Action                   |  1- 3 |  4- 6 |  7- 9 || total
-------------------------+-------+-------+-------++-------
Melee: Unarmed           |     9 |       |       ||     9
       Kick              |     2 |       |     2 ||     4
       Dagger            |       |       |    13 ||    13
       Peck              |       |       |     2 ||     2
 Cast: Shock             |    88 |   121 |    44 ||   253
       Static Discharge  |       |     7 |    13 ||    20
Evoke: Wand              |       |       |     2 ||     2
Armor: Robe              |     4 |     4 |     5 ||    13
Dodge: Dodged            |    18 |    23 |    13 ||    54
